 Dungeon Crawl Stone Soup version 0.30-a0-377-g5cb311bc9f (webtiles) character file.

Game seed: 11645458188263299574

2027 kiwi3s the Cleaver (level 9, -1/106 HPs)
             Began as a Minotaur Berserker on Nov 29, 2022.
             Was an Elder of Trog.
             Slain by a two-headed ogre
             ... wielding a +0 giant club
              (22 damage)
             ... on level 7 of the Dungeon.
             The game lasted 00:05:40 (5799 turns).

kiwi3s the Cleaver (Minotaur Berserker)             Turns: 5799, Time: 00:05:41

Health: -1/106     AC:  6    Str: 26    XL:     9   Next: 3%
Magic:  8/8        EV: 12    Int:  4    God:    Trog [****..]
Gold:   360        SH:  0    Dex: 10    Spells: 8/8 levels left

rFire   . . .      SeeInvis .    a - +0 hand axe
rCold   . . .      Faith    .    (no shield)
rNeg    . . .      Spirit   .    b - +0 animal skin
rPois   .          Reflect  .    (helmet restricted)
rElec   .          Harm     .    (no cloak)
rCorr   .          Rampage  .    y - +2 pair of gloves
Will    .....                    v - +0 pair of boots
Stlth   ..........               (no amulet)
HPRegen 0.37/turn                s - +4 ring of slaying
MPRegen 0.11/turn                (no ring)

@: berserking, very quick
A: horns 2, retaliatory headbutt
a: Renounce Religion, Berserk, Trog's Hand, Brothers in Arms


You were on level 7 of the Dungeon.
You worshipped Trog.
Trog was greatly pleased with you.
You visited 1 branch of the dungeon, and saw 7 of its levels.

You collected 360 gold pieces.

Inventory:

Hand Weapons
 a - a +0 hand axe (weapon)
Armour
 b - a +0 animal skin (worn)
 v - a +0 pair of boots (worn)
 y - a +2 pair of gloves (worn)
Jewellery
 s - a +4 ring of slaying (left hand)
 t - an amulet of magic regeneration
 A - a ring of magical power
 K - a ring of see invisible
Wands
 x - a wand of roots (6)
 G - a wand of flame (12)
 L - a wand of quicksilver (11)
Scrolls
 e - 2 scrolls of amnesia {unknown}
 f - 2 scrolls of fear {unknown}
 i - 3 scrolls of teleportation {unknown}
 j - 4 scrolls of vulnerability {unknown}
 k - 2 scrolls of silence {unknown}
 m - 2 scrolls of torment {unknown}
 n - 2 scrolls of noise {unknown}
 o - 12 scrolls of identify {unknown}
 w - a scroll of enchant weapon {unknown}
 D - a scroll of blinking {unknown}
 E - 2 scrolls of magic mapping {unknown}
 F - a scroll of brand weapon {unknown}
 H - a scroll of butterflies {unknown}
 J - a scroll of immolation {unknown}
Potions
 c - a potion of invisibility {unknown}
 d - a potion of attraction {unknown}
 g - 2 potions of might {unknown}
 h - 2 potions of haste {unknown}
 l - a potion of heal wounds {unknown}
 p - a potion of resistance {unknown}
 q - a potion of magic {unknown}
 r - 4 potions of curing {unknown}
 u - 2 potions of cancellation {unknown}
 z - 2 potions of ambrosia {unknown}
 B - 2 potions of brilliance {unknown}
 C - a potion of flight {unknown}
 I - 3 potions of lignification {unknown}


   Skills:
 + Level 4.2 Fighting
 * Level 14.0 Axes
 - Level 2.4 Armour
 + Level 2.7 Dodging


You had 8 spell levels left.
You didn't know any spells.
Your spell library was empty.

Dungeon Overview and Level Annotations

Branches:
Dungeon (7/15)             Temple (0/1) D:5

Altars:
Dithmenos
Elyvilon
Okawaru
Ru
Sif Muna
Xom
Zin


Innate Abilities, Weirdness & Mutations

You have a pair of horns on your head.
You reflexively headbutt those who attack you in melee.


Message History

You hit the orc but do no damage. You headbutt the orc.
The orc is moderately wounded.
The orc completely misses you. You furiously retaliate!
You headbutt the orc!
You kill the orc!
Trog accepts your kill.
You closely miss the howler monkey. You hit the howler monkey.
Your headbutt misses the howler monkey.
The howler monkey is moderately wounded.
The howler monkey hits you but does no damage.
Unknown command.
You slash the howler monkey! Your headbutt misses the howler monkey.
The howler monkey is severely wounded.
The howler monkey hits you.
Unknown command.
You slash the howler monkey!
You kill the howler monkey!
Trog accepts your kill.
Unknown command.
No target in view!
No target in view!
No target in view!
You hear the brisk hiss of a very distant avalanche of sand.
A two-headed ogre comes into view. It is wielding two +0 giant clubs.
The two-headed ogre shouts in stereo!
Things that are here:
a +0 dagger; a +0 leather armour; an orc corpse A two-headed ogre is nearby!
A two-headed ogre is nearby!
A two-headed ogre is nearby!
You hit the two-headed ogre. You headbutt the two-headed ogre!
The two-headed ogre is moderately wounded.
The two-headed ogre hits you with a +0 giant club!! x2
A red film seems to cover your vision as you go berserk!
You feel yourself moving faster!
You feel mighty!
You slash the two-headed ogre!
The two-headed ogre is heavily wounded.
The two-headed ogre hits you with a +0 giant club!!
* * * LOW HITPOINT WARNING * * *
The two-headed ogre hits you with a +0 giant club!!
You die...

#..........(...#
###...<)[........#
#........[......#
#.....))........#
#...............+
#........†......#
#........)......#
......#####.....##
...... #.@...#
...... #..O..'...
.... #.....#...
#.....# ##
#....... #........
#.........
#.........


You could see a two-headed ogre.

Vanquished Creatures
  Grinder (D:6)
  Duvessa (D:7)
  2 black bears
  An ogre (D:6)
  A centaur (D:6)
  A kobold brigand (D:7)
  2 necrophages
  2 scorpions
  4 wights (D:6)
  Dowan (D:7)
  5 howler monkeys (D:7)
  4 hounds
  4 orc priests
  5 iguanas
  12 adders
  A white imp (D:4)
  3 ufetubi
  3 worms
  3 dart slugs
  21 orcs
  7 endoplasms
  A giant cockroach (D:3)
  7 hobgoblins
  2 jackals (D:3)
  14 kobolds
  6 quokkas
  8 ball pythons
  6 bats
  4 frilled lizards
  7 goblins
  6 rats
145 creatures vanquished.

Vanquished Creatures (others)
  An angel (D:5)
1 creature vanquished.

Grand Total: 146 creatures vanquished

Notes
Turn   | Place    | Note
-------+----------+-------------------------------------------
     0 | D:1      | kiwi3s the Minotaur Berserker began the quest for the Orb.
     0 | D:1      | Reached XP level 1. HP: 19/19 MP: 0/0
   168 | D:1      | Reached skill level 4 in Axes
   526 | D:1      | Reached XP level 2. HP: 25/26 MP: 1/1
   772 | D:1      | Found a faded altar of an unknown god.
   973 | D:2      | Reached skill level 5 in Axes
  1104 | D:2      | Reached XP level 3. HP: 31/31 MP: 2/2
  1979 | D:3      | Reached skill level 6 in Axes
  1979 | D:3      | Reached XP level 4. HP: 37/39 MP: 3/3
  2090 | D:3      | Found an iron altar of Okawaru.
  2163 | D:3      | Reached ** piety under Trog
  2186 | D:3      | Found a shimmering blue altar of Sif Muna.
  3380 | D:4      | Noticed a scorpion
  3390 | D:4      | Killed a scorpion
  3391 | D:4      | Reached skill level 7 in Axes
  3391 | D:4      | Reached XP level 5. HP: 34/45 MP: 4/4
  3577 | D:4      | Reached skill level 8 in Axes
  3742 | D:4      | Found a white marble altar of Elyvilon.
  3786 | D:4      | Reached XP level 6. HP: 51/51 MP: 5/5
  3877 | D:4      | Reached *** piety under Trog
  4071 | D:5      | Entered Level 5 of the Dungeon
  4148 | D:5      | Found a shadowy altar of Dithmenos.
  4316 | D:5      | Found a staircase to the Ecumenical Temple.
  4348 | D:5      | Reached skill level 9 in Axes
  4444 | D:5      | Killed an angel
  4488 | D:5      | Found a sacrificial altar of Ru.
  4519 | D:5      | Reached XP level 7. HP: 56/57 MP: 6/6
  4769 | D:5      | Reached skill level 10 in Axes
  4846 | D:5      | Found a shimmering altar of Xom.
  4855 | D:5      | Found a glowing silver altar of Zin.
  4955 | D:6      | Noticed Grinder
  4962 | D:6      | Killed Grinder
  4963 | D:6      | Reached skill level 11 in Axes
  5029 | D:6      | Reached XP level 8. HP: 63/64 MP: 7/7
  5088 | D:6      | Reached skill level 12 in Axes
  5284 | D:6      | Reached skill level 13 in Axes
  5551 | D:7      | Noticed Duvessa
  5553 | D:7      | Noticed Dowan
  5560 | D:7      | Killed Dowan
  5565 | D:7      | Killed Duvessa
  5732 | D:7      | Reached **** piety under Trog
  5734 | D:7      | Reached skill level 14 in Axes
  5734 | D:7      | Reached XP level 9. HP: 53/71 MP: 8/8
  5793 | D:7      | Noticed a two-headed ogre
  5799 | D:7      | Slain by a two-headed ogre

Illustrated notes

Levels and vault maps discovered:
D:1:      heliophobic_arrival_ceremonial_halls, layout_basic,
          dilly_ecumenical_altar_fadedgnrine
D:2:      layout_loops_corners
D:3:      minmay_bubble_buster, layout_loops_corners, amcnicky_altar_gilded,
          mainiacjoe_overflow_concentric_impassable
D:4:      layout_basic, elyvilon_altar_5, dk_vineyard_3
D:5:      layout_cave_pools, grunt_temple_overflow_order_and_chaos_1,
          nicolae_dithmenos_through_a_glass_darkly, nicolae_ru_awakened_eye,
          minmay_temple_entry_sparse_star, minmay_misc_feat_diagonals,
          minmay_misc_feat_room, kennysheep_generic_room_4
D:6:      layout_rooms, minmay_strange_pillars, uniq_grinder
D:7:      layout_gridville, kennysheep_mini, mainiacjoe_overflow_paths,
          enter_ossuary_4, uniq_duvessa

Skill      XL: |  1  2  3  4  5  6  7  8 |
---------------+-------------------------+-----
Axes           | 4 5 6 7 8 9 11 14 | 14.0
Fighting       | 4 |  4.2
Armour         | |  2.4
Dodging        | |  2.7

Action                   |  1- 3 |  4- 6 |  7- 9 || total
-------------------------+-------+-------+-------++-------
Melee: Hand axe          |    86 |   145 |   106 ||   337
       Headbutt          |     8 |    20 |    14 ||    42
       Punch             |     2 |       |       ||     2
Invok: Berserk           |       |     2 |     4 ||     6
 Stab: Sleeping          |     1 |     1 |       ||     2
       Distracted        |     1 |       |       ||     1
Armor: Animal skin       |    16 |    26 |    27 ||    69
Dodge: Dodged            |    57 |    71 |    61 ||   189

Table legend: (Time is in decaauts)
 A = Elapsed time spent in this place.
 B = Non-inter-level travel time spent in this place.
 C = Inter-level travel time spent in this place.
 D = Time resting spent in this place.
 E = Time spent auto-exploring this place.
 F = Levels seen in this place.
 G = Mean time per level.
                   A        B        C        D        E       F      G
               +--------+--------+--------+--------+--------+-----+--------+
         Total |   5807 |   5608 |    199 |    763 |   4120 |   7 |  829.6 |
       Dungeon |   5807 |   5608 |    199 |    763 |   4120 |   7 |  829.6 |
               +--------+--------+--------+--------+--------+-----+--------+

Top non-repeatable levels by time:
     D:3: 1285 daAuts
     D:2: 985 daAuts
     D:1: 970 daAuts
     D:5: 852 daAuts
     D:4: 852 daAuts
     D:6: 760 daAuts
     D:7: 100 daAuts
